AoeStats
← bestingame23

Fortress

510005460Analyzed
3v3 RM · 4d ago on Sep 29, 2026· 100m 56s· 6 players
Game mode
Random Map
Map size
Large (8 player)
Population
200
Speed
Normal
Resources
Standard
Victory
Conquest
Starting age
Dark Age
Ending age
Imperial Age
RankedLock teamsTeams togetherTeam positionsShared explorationLock speedFull tech treeHidden civsTurbo modeCheats
Victory
Defeat
🇺🇸 Britons · United States
1115
+17
🇺🇸 Spanish · United States
1115
+17
🇺🇸 Persians · United States
1102
+17
🇺🇸 Varangians · United States
1169
-20
🇺🇸 Varangians · United States
1143
-17
🇺🇸 Italians · United States
1071
-14
bestingame23
7:22 Feudal Age
7:52 Double-Bit Axe
9:10 Loom
12:21 Castle Age
10:27 Horse Collar
14:35 Bow Saw
15:10 Heavy Plow
16:50 Heavy Plow
17:06 Bloodlines
20:15 Wheelbarrow
20:30 Husbandry
22:19 Town Watch
23:11 Gold Mining
25:18 Hand Cart
28:14 Imperial Age
26:31 Town Patrol
27:51 Scale Barding Armor
27:56 Forging
27:50 Cavalier
28:54 Chain Barding Armor
29:06 Ballistics
29:08 Conscription
30:39 Iron Casting
30:44 Gold Shaft Mining
31:12 Two-Man Saw
30:46 Crop Rotation
31:02 Savar
33:28 Plate Barding Armor
35:08 Blast Furnace
34:34 Caravan
45:21 Kamandaran
44:42 Elite War Elephant
49:11 Chemistry
48:21 Masonry
48:09 Murder Holes
48:37 Thumb Ring
47:52 Crossbowman
49:31 Citadels
50:51 Hoardings
51:20 Fletching
51:31 Padded Archer Armor
59:04 Heavy Camel Rider
61:48 Capped Ram
63:00 Bodkin Arrow
63:59 Siege Ram
Skymall
8:20 Feudal Age
12:32 Castle Age
10:50 Double-Bit Axe
11:02 Horse Collar
11:20 Loom
12:22 Fletching
14:11 Padded Archer Armor
20:32 Town Watch
22:19 Ballistics
23:35 Wheelbarrow
23:58 Bow Saw
23:58 Bodkin Arrow
29:11 Imperial Age
27:12 Leather Archer Armor
26:41 Crossbowman
28:00 Devotion
28:32 Heavy Plow
28:51 Fortified Wall
30:09 Yeomen
30:16 Conscription
30:25 Elite Longbowman
31:37 Bracer
32:08 Caravan
33:41 Chemistry
33:34 Hand Cart
35:53 Ring Archer Armor
38:27 Scale Barding Armor
38:33 Forging
38:28 Light Cavalry
39:34 Chain Barding Armor
39:00 Elite Skirmisher
39:46 Husbandry
39:30 Cavalier
40:11 Pikeman
44:24 Two-Man Saw
45:19 Plate Barding Armor
45:29 Iron Casting
44:57 Warwolf
46:46 Guard Tower
46:41 Arrowslits
46:48 Capped Ram
50:03 Blast Furnace
49:04 Scale Mail Armor
49:14 Squires
48:42 Halberdier
49:08 Arson
50:04 Arbalester
52:38 Chain Mail Armor
54:35 Murder Holes
56:08 Keep
55:44 Masonry
59:59 Block Printing
59:54 Fervor
60:13 Illumination
61:55 Sanctity
62:11 Theocracy
64:02 Plate Mail Armor
68:12 Architecture
67:36 Treadmill Crane
73:04 Hoardings
83:16 Gambesons
82:52 Man-at-Arms
83:52 Long Swordsman
85:52 Two-Handed Swordsman
87:01 Champion
89:00 Coinage
88:43 Guilds
92:02 Banking
Slaylan
6:51 Feudal Age
5:27 Loom
7:43 Double-Bit Axe
11:51 Castle Age
10:05 Horse Collar
19:23 Wheelbarrow
19:04 Bow Saw
20:53 Scale Barding Armor
21:31 Padded Archer Armor
22:13 Chain Barding Armor
22:44 Light Cavalry
23:35 Bloodlines
27:55 Imperial Age
25:58 Husbandry
27:55 Fletching
29:02 Hand Cart
28:53 Heavy Plow
28:53 Gold Mining
29:15 Bodkin Arrow
29:12 Town Watch
31:40 Plate Barding Armor
31:06 Bracer
31:21 Leather Archer Armor
31:56 Hussar
33:16 Elite Conquistador
34:34 Forging
36:29 Conscription
40:29 Caravan
48:13 Elite Skirmisher
49:32 Ring Archer Armor
49:38 Iron Casting
53:52 Cavalier
57:11 Paladin
64:20 Blast Furnace
DrTyrant
8:51 Feudal Age
12:57 Castle Age
10:45 Double-Bit Axe
10:53 Horse Collar
14:24 Fletching
14:24 Loom
14:58 Bow Saw
14:48 Heavy Plow
16:19 Scale Barding Armor
19:41 Wheelbarrow
21:11 Hand Cart
21:01 Padded Archer Armor
27:32 Imperial Age
25:13 Husbandry
25:27 Town Watch
26:31 Chain Barding Armor
26:22 Forging
26:09 Bodkin Arrow
26:33 Bloodlines
26:24 Husbandry
26:36 Forging
26:25 Bodkin Arrow
27:18 Town Patrol
27:36 Leather Archer Armor
26:43 Elite Skirmisher
28:56 Conscription
29:57 Elite Jarl
30:41 Bracer
31:17 Plate Barding Armor
33:11 Fortified Wall
33:12 Masonry
35:31 Iron Casting
35:26 Ring Archer Armor
36:57 Ballistics
37:37 Chemistry
37:39 Blast Furnace
37:26 Caravan
43:07 Pikeman
43:47 Squires
43:48 Scale Mail Armor
45:20 Light Cavalry
46:17 Chain Mail Armor
45:37 Halberdier
49:49 Plate Mail Armor
53:09 Hussar
Disvara
7:40 Feudal Age
8:41 Loom
11:15 Castle Age
11:01 Double-Bit Axe
10:57 Horse Collar
13:25 Loom
15:29 Bow Saw
15:27 Heavy Plow
17:23 Fletching
21:29 Bodkin Arrow
21:47 Padded Archer Armor
22:34 Wheelbarrow
21:23 Elite Skirmisher
22:50 Scale Barding Armor
27:49 Imperial Age
26:06 Hand Cart
26:19 Chain Barding Armor
26:28 Ballistics
26:45 Forging
27:15 Leather Archer Armor
27:28 Bloodlines
27:19 Husbandry
26:47 Vendel Legacy
28:33 Bracer
29:27 Plate Barding Armor
29:14 Conscription
29:16 Light Cavalry
30:33 Iron Casting
30:31 Cavalier
31:21 Caravan
31:03 Hussar
31:53 Gold Mining
31:56 Stone Mining
34:01 Blast Furnace
35:34 Siege Engineers
36:30 Chemistry
35:35 Capped Ram
36:45 Siege Ram
42:03 Elite Jarl
45:41 Fortified Wall
45:28 Murder Holes
46:23 Crop Rotation
45:41 Town Watch
TomBombadil
8:16 Feudal Age
9:59 Double-Bit Axe
12:24 Castle Age
10:06 Horse Collar
15:02 Heavy Plow
17:13 Bow Saw
18:41 Wheelbarrow
20:22 Hand Cart
23:36 Silk Road
28:14 Imperial Age
26:27 Fletching
26:49 Padded Archer Armor
27:13 Forging
27:08 Scale Mail Armor
27:06 Bodkin Arrow
27:36 Ballistics
28:17 Elite Skirmisher
29:03 Thumb Ring
29:22 Bracer
29:38 Leather Archer Armor
29:25 Scale Mail Armor
30:05 Iron Casting
32:10 Chemistry
31:22 Fortified Wall
32:48 Elite Genoese Crossbowman
46:17 Two-Man Saw
46:17 Caravan
60:09 Pikeman
81:06 Capped Ram
Connection lost

Rejoining the realm…

Still unreachable

The connection could not be restored.

Session expired

The server has moved on; the page needs a fresh start.